 Dungeon Crawl Stone Soup version 0.18.1-8-gdd0e5ea (webtiles) character file.

124 GFox the Sneak (level 4, -5/22 HPs)
             Began as a Spriggan Assassin on May 24, 2016.
             Killed from afar by an orc wizard (10 damage)
             ... with a puff of flame
             ... on level 3 of the Dungeon.
             The game lasted 00:37:28 (2346 turns).

GFox the Sneak (Spriggan Assassin)                  Turns: 2346, Time: 00:37:28

Health: -5/22      AC:  5    Str:  7    XL:     4   Next: 81%
Magic:  5/5        EV: 19    Int: 12    God:
Gold:   160        SH:  0    Dex: 18    Spells: 0 memorised, 3 levels left

rFire  . . .     SeeInvis +     t - +1 dagger (chaos)
rCold  + . .     Gourm    .     c - +0 robe
rNeg   . . .     Faith    .     (shield restricted)
rPois  +         Spirit   .     (helmet restricted)
rElec  .         Dismiss  .     m - +2 cloak {rPois}
rCorr  .         Reflect  .     (gloves unavailable)
SustAt .         Harm     .     (boots unavailable)
MR     .....                    (no amulet)
Stlth  ++++......               (no ring)
                                p - ring of protection from cold

@: very quick, not resistant to hostile enchantments, stealthy
A: unfitting armour, see invisible, herbivore 3, speed 3, slow metabolism 2
a: no special abilities


You were on level 3 of the Dungeon.
You were not hungry.

You visited 1 branch of the dungeon, and saw 3 of its levels.

You collected 160 gold pieces.

Inventory:

Hand Weapons
 a - a +2 dagger {1}
 b - a +0 blowgun {2}
 e - a +1 spear of chaos
 t - a +1 dagger of chaos (weapon)
Missiles
 f - 2 curare-tipped needles
 r - 8 poisoned needles
Armour
 c - a +0 robe (worn)
 m - a +2 cloak of poison resistance (worn)
Jewellery
 p - a ring of protection from cold (left hand)
Scrolls
 d - a scroll of noise {unknown}
 k - a scroll of fear
 l - a scroll of remove curse {unknown}
 o - a scroll of teleportation
Potions
 h - a potion of resistance {unknown}
 j - a potion of heal wounds {unknown}
 n - 2 potions of magic {unknown}
 q - a potion of lignification {unknown}
 s - 2 potions of degeneration {unknown}
Comestibles
 g - 5 bread rations
 i - 5 fruits


   Skills:
 + Level 1.6 Fighting
 + Level 2.6 Short Blades
 + Level 3.4 Throwing
 + Level 3.3 Dodging
 + Level 7.1 Stealth


You had 3 spell levels left.
You didn't know any spells.

Dungeon Overview and Level Annotations

Branches:
Dungeon (3/15)

Altars:
Xom


Innate Abilities, Weirdness & Mutations

You are tiny and cannot use many weapons and most armour.
You have supernaturally acute eyesight.
You are a herbivore.
You cover ground extremely quickly.
You need consume almost no food.


Message History

* * * LOW HITPOINT WARNING * * *
The orc hits you but does no damage.
The orc wizard points at you and mumbles some strange words.
The magic dart hits the orc wizard.
You closely miss the orc wizard.
The orc wizard is heavily wounded.
The orc wizard gestures wildly while chanting.
The orc wizard blinks!
You hit the orc wizard.
The orc wizard is severely wounded.
The orc wizard looks more healthy.
The orc wizard gestures wildly while chanting.
The orc wizard blinks!
You hit the orc wizard.
The orc wizard is poisoned.
The orc wizard is severely wounded.
The orc wizard hits you but does no damage.
The orc closely misses you. The orc wizard casts a spell at you.
The puff of flame hits you!
You die...

.#.#####.#.#.#.####.#.#.######.#
.#.# #.#.###.####.#.#........#
.#.# #.#.....#<.#.#.##########
.#.# #.########.#.#......# .#)#
#.# #.........#.######
.#.#####.#######..#.####.#.##....
..>...........................†.(
...#...............#######.##.###
##..............@.o..............
%................#o.#########..[#
################.#§.# ......
#.#g)# ..# ...... #.#..# ...#
...... #.#()# ...# ......
###.#((##...##......
#...o).(...(.' .... #....(.(....#


You could see 2 orc wizards and an orc.

Vanquished Creatures
  2 gnolls (D:3)
  An ooze (D:2)
  A worm (D:3)
  A dart slug (D:1)
  4 giant geckos
  7 orcs
  2 ball pythons (D:2)
  7 bats
  4 giant cockroaches
  14 goblins
  5 hobgoblins
  7 jackals
  A quokka (D:2)
  2 giant newts
  6 kobolds
  14 rats
78 creatures vanquished.

Notes
Turn   | Place    | Note
--------------------------------------------------------------
     0 | D:1      | GFox the Spriggan Assassin began the quest for the Orb.
     0 | D:1      | Reached XP level 1. HP: 10/10 MP: 2/2
    10 | D:1      | Reached skill level 6 in Stealth
   273 | D:1      | Reached XP level 2. HP: 14/14 MP: 3/3
   802 | D:1      | Reached XP level 3. HP: 18/18 MP: 4/4
  1280 | D:2      | Reached skill level 7 in Stealth
  1443 | D:2      | Reached XP level 4. HP: 22/22 MP: 5/5
  1747 | D:2      | Found a shimmering altar of Xom.
  2346 | D:3      | Killed from afar by an orc wizard

Skill      XL: |  1  2  3  4 |
---------------+-------------+-----
Stealth        | 6 7 |  7.1
Dodging        | 2 3 |  3.3
Throwing       | 3 |  3.4
Fighting       | |  1.6
Short Blades   | |  2.6

Action                   |  1- 3 |  4- 6 || total
-------------------------+-------+-------++-------
Melee: Dagger            |   100 |    38 ||   138
 Fire: Blowgun           |   104 |    55 ||   159
  Use: Scroll            |       |     7 ||     7
 Stab: Sleeping          |     3 |     6 ||     9
Armor: Robe              |    16 |     2 ||    18
Dodge: Dodged            |   109 |    27 ||   136
